 Dungeon Crawl Stone Soup version 0.27-a0-1051-g288ea87c7c (webtiles) character file.

Game seed: 5601643271275545802

95 voltaire321 the Magician (level 4, -3/28 HPs)
             Began as an Octopode Hedge Wizard on Apr 21, 2021.
             Slain by a gnoll
             ... wielding a +0 flail
              (8 damage)
             ... on level 2 of the Dungeon.
             The game lasted 00:05:47 (2392 turns).

voltaire321 the Magician (Octopode Hedge Wizard)    Turns: 2392, Time: 00:05:48

Health: -3/28      AC:  1    Str: 15    XL:     4   Next: 66%
Magic:  7/9        EV: 13    Int: 17    God:
Gold:   47         SH:  0    Dex: 11    Spells: 4/9 levels left

rFire    . . .     SeeInvis .   f - +1 short sword (venom)
rCold    . . .     Faith    .   (no shield)
rNeg     . . .     Spirit   .   b - +0 hat
rPois    .         Reflect  .   (no amulet)
rElec    .         Harm     .   d - +6 ring of strength
rCorr    .         Rampage  .   (no ring)
Will     .....                  (no ring)
Stlth    +++.......             (no ring)
HPRegen  0.09/turn              (no ring)
MPRegen  0.11/turn              (no ring)
                                (no ring)
                                (no ring)

@: no status effects
A: almost no armour, amphibious, 8 rings, camouflage 1, gelatinous body 1,
(nimble swimmer 1), tentacles
a: no special abilities


You were on level 2 of the Dungeon.
You visited 1 branch of the dungeon, and saw 2 of its levels.

You collected 47 gold pieces.

Inventory:

Hand Weapons
 f - a +1 short sword of venom (weapon)
Armour
 b - a +0 hat (worn)
Jewellery
 d - a +6 ring of strength (left tentacle)
Potions
 a - a potion of ambrosia {unknown}
 c - 3 potions of curing {unknown}
 e - 2 potions of degeneration {unknown}


   Skills:
 + Level 1.4 Fighting
 + Level 2.6 Dodging
 - Level 2.6 Stealth
 + Level 3.3 Spellcasting
 + Level 1.8 Conjurations
 + Level 1.9 Summonings
 + Level 1.7 Translocations


You had 4 spell levels left.
You knew the following spells:

 Your Spells              Type           Power      Damage    Failure   Level
a - Magic Dart            Conj           36%        1d4       8%          1
b - Call Imp              Summ           9%         N/A       11%         2
c - Blink                 Tloc           N/A        N/A       12%         2

Your spell library contained the following spells:

 Spells                   Type           Power      Damage    Failure   Level
 Gell's Gravitas          Tloc           4%         N/A       24%         3
 Slow                     Hex            2%         N/A       26%         2
 Conjure Flame            Conj/Fire      6%         6-21      34%         3
 Mephitic Cloud           Conj/Pois/Air  4%         N/A       36%         3
 Confusing Touch          Hex            2%         N/A       45%         3
 Petrify                  Tmut/Erth      2%         N/A       86%         4
 Metabolic Englaciation   Hex/Ice        1%         N/A       99%         5
 Yara's Violent Unravell  Hex/Tmut       1%         3d3       99%         5


Dungeon Overview and Level Annotations

Branches:
Dungeon (2/15)

Altars:


Innate Abilities, Weirdness & Mutations

You cannot wear most types of armour.
You are amphibious.
You can wear up to eight rings at the same time.
Your skin changes colour to match your surroundings (Stealth+).
Your rubbery body absorbs attacks. (AC +1, EV +1)
((You are camouflaged near water. (Stealth+)))
You have tentacles for arms and can constrict up to eight enemies at once.


Message History

A beastly little devil appears in a puff of flame.
A ball python comes into view.
The gnoll hits your crimson imp with a +1 vampiric spear.
Your crimson imp hits the gnoll.
A jackal and a gnoll come into view.
The gnoll hits you from afar with a +1 vampiric spear.
The gnoll draws strength from your wounds!
Your crimson imp hits the gnoll.
The jackal moves out of view.
Something hits your crimson imp!
The ball python bites your iron imp but does no damage.
The ball python grabs your iron imp.
The ball python constricts your iron imp.
You swap places.
The gnoll hits you from afar with a +1 vampiric spear.
The gnoll draws strength from your wounds!
Your iron imp hits the ball python.
The ball python dies!
The gnoll hits you with a +1 vampiric spear.
You barely miss the gnoll. Your grab misses the gnoll.
You squeeze the gnoll, but do no damage.
The gnoll misses you.
The gnoll hits you from afar with a +0 halberd.
A gnoll comes into view. It is wielding a +0 club.
Your crimson imp blinks!
The gnoll shouts!
You hit the gnoll but do no damage. Your grab misses the gnoll.
The gnoll misses you.
The gnoll hits you from afar with a +1 vampiric spear!
* * * LOW HITPOINT WARNING * * *
The gnoll barely misses you.
Your iron imp hits the gnoll.
The gnoll closely misses your iron imp. The jackal bites your iron imp.
Your iron imp hits the jackal.
Something barely misses your iron imp. The gnoll barely misses your iron imp.
Something bites your iron imp but does no damage.
Something closely misses your iron imp.
The gnoll hits your iron imp with a +0 halberd.
The gnoll barely misses you.
There is a stone staircase leading up here.
The gnoll hits you with a +0 flail!
You die...

####### ###### ##### #.....#
>....# #...######.###.#
####.#####.#.#...##.# #.#
...........#.# #.##.###.#
####.)######.#.#.g....#.#
##.######.#..@#.##.#.#
#..##....#####..#.#.########
######.##.#########.#.#..).....#
........................>#####+#
######..#.####.####.###.........
##.#.#....# #.# #.........
#...##...# #g# #.........
########.......# #.###.........
..........###..# #.#.......##+#


You could see a gnoll.

Vanquished Creatures
  An iguana (D:2)
  An adder (D:2)
  A worm (D:2)
  3 dart slugs
  4 bats
  A giant cockroach (D:1)
  7 goblins
  3 hobgoblins
  5 jackals (D:2)
  A quokka (D:2)
  5 ball pythons
  4 frilled lizards
  7 kobolds
  4 rats
47 creatures vanquished.

Vanquished Creatures (collateral kills)
  A ball python (D:2)
  A bat (D:1)
  A goblin (D:1)
3 creatures vanquished.

Grand Total: 50 creatures vanquished

Notes
Turn   | Place    | Note
-------+----------+-------------------------------------------
     0 | D:1      | voltaire321 the Octopode Hedge Wizard began the quest for
                  | the Orb.
     0 | D:1      | Reached XP level 1. HP: 11/11 MP: 4/4
   175 | D:1      | Reached XP level 2. HP: 6/17 MP: 6/6
   539 | D:1      | Found a faded altar of an unknown god.
   633 | D:1      | Learned a level 2 spell: Call Imp
   636 | D:1      | Learned a level 2 spell: Blink
  1290 | D:1      | Reached XP level 3. HP: 22/22 MP: 4/7
  1651 | D:2      | Reached skill level 1 in Fighting
  2005 | D:2      | Reached XP level 4. HP: 28/28 MP: 9/9
  2392 | D:2      | Slain by a gnoll

Illustrated notes

Levels and vault maps discovered:
D:1:      dpeg_arrival_houses_and_road, layout_basic,
          hellmonk_ecumenical_altar_run_dry, minmay_3d_cube
D:2:      layout_basic, basic_altar

Skill      XL: |  1  2  3 |
---------------+----------+-----
Fighting       | 1 |  1.4
Dodging        | |  2.6
Stealth        | |  2.6
Spellcasting   | |  3.3
Conjurations   | |  1.8
Summonings     | |  1.9
Translocations | |  1.7

Action                   |  1- 3 |  4- 6 || total
-------------------------+-------+-------++-------
Melee: Dagger            |    49 |       ||    49
       Constrict         |    17 |     7 ||    24
       Tentacles         |    13 |     5 ||    18
       Short sword       |    19 |    23 ||    42
 Cast: Magic Dart        |    25 |     3 ||    28
       Call Imp          |     2 |     2 ||     4
 Stab: Sleeping          |     7 |       ||     7
Armor: Skin              |     7 |       ||     7
Dodge: Dodged            |    46 |    19 ||    65

Table legend: (Time is in decaauts)
 A = Elapsed time spent in this place.
 B = Non-inter-level travel time spent in this place.
 C = Inter-level travel time spent in this place.
 D = Time resting spent in this place.
 E = Time spent auto-exploring this place.
 F = Levels seen in this place.
 G = Mean time per level.
                   A        B        C        D        E       F      G
               +--------+--------+--------+--------+--------+-----+--------+
         Total |   2394 |   2394 |      0 |   1186 |    863 |   2 | 1197.0 |
       Dungeon |   2394 |   2394 |      0 |   1186 |    863 |   2 | 1197.0 |
               +--------+--------+--------+--------+--------+-----+--------+

Top non-repeatable levels by time:
     D:1: 1621 daAuts
     D:2: 773 daAuts
